Unix NetHack Version 5.0.0-0 post-release - last build Jun 10 2026 00:39:30 (3ee93aec679c4c4259841fe613dc97188e26a321,branch:main).

Game began 2026-06-15 22:38:44, ended 2026-06-16 02:18:20.

IanCurtis, chaotic male elven Wizard

          -------
        ---.|...--------
       |.........*.....-
      --.......-----%-..-
     --........|--....).`
---- |......---|....-...-
|..----.....   |.......---
|....|......    ------.).--
 -...........    ------...|---
 |............----.......---..
 |.......................h..G-
  ---.....)...[[.[....--------
    --....--..)....----
     ---.-  -......|
        -   ---@|.<|
              ------
IanCurtis the Thaumaturge  St:14 Dx:14 Co:16 In:20 Wi:13 Ch:9  Chaotic
Dlvl:9  $:459 HP:0(56) Pw:11(100) AC:7  Xp:8 T:9562 

Latest messages:
 The gnome hits!
 You kill the gnome!
 The dwarf wields a broad short sword!
 The magic-absorbing blade scares the dwarf!
 The dwarf turns to flee.
 In what direction? k
 The spell hits the cockatrice!
 In what direction? k
 The spell hits the cockatrice!
 The hobbit throws an elven dagger!
 The dwarf is hit!
 The dwarf is killed!
 In what direction? k
 The spell hits the cockatrice!
 In what direction? k
 The spell hits the cockatrice!
 You kill the cockatrice!
 The gnome wields a thonged club!
 The gnome secures the tether on the thonged club.
 The gnome swings her thonged club.
 The gnome hits!
 You kill the gnome!
 g - a cockatrice corpse.
 What do you want to wield? [- awy or ?*] g
 g - a cockatrice corpse (wielded).
 The hobbit puts on a pair of hard shoes.
 You begin bashing monsters with your cockatrice corpse.
 You hit the hobbit with the cockatrice corpse.
 The hobbit is slowing down.
 The hobbit turns to stone.
 What do you want to put on? [eoBERT or ?*] R
 You are now wearing a blindfold.
 You can't see any more.
 What do you want to remove? [R or ?*] R
 You were wearing an uncursed blindfold.
 You can see again.
 There are several objects here.
 The gnome hits!
 You hit the gnome with the cockatrice corpse.
 The gnome is slowing down.
 The gnome turns to stone.
 You see here a statue of a gnome.
 There are several objects here.
 What do you want to zap? [cdflrxDF or ?*] ?
 In what direction? >
 You dig a hole through the floor.
 You fall through...
 Falling, you touch the cockatrice corpse.
 You turn to stone...
 Do you want your possessions identified? [ynq] (y) q

Inventory:
 Coins    ('$')
  $ - 459 gold pieces
 Weapons  (')')
  a - the rustproof +0 Magicbane
  w - the +0 Sting
 Armor    ('[')
  s - an uncursed +0 orcish helm (being worn)
  q - an uncursed +0 pair of gauntlets of dexterity (being worn)
  X - an uncursed +0 cloak of magic resistance (being worn)
 Comestibles  ('%')
  U - an uncursed food ration
  C - 2 uncursed tripe rations
  g - an uncursed cockatrice corpse (wielded)
  Q - an uncursed lichen corpse
  i - an uncursed lizard corpse
  W - an uncursed lizard corpse
 Scrolls  ('?')
  k - an uncursed scroll of teleportation
 Rings    ('=')
  T - an uncursed ring of cold resistance
  E - an uncursed ring of free action
  B - a cursed ring of levitation named cursed
  e - an uncursed ring of sustain ability
  o - an uncursed ring of teleportation
 Wands    ('/')
  f - a wand of create monster (0:11)
  x - a wand of digging (0:4)
  c - a wand of enlightenment (0:15)
  d - a wand of magic missile (0:3)
  r - a cursed wand of magic missile (0:4)
  l - a wand of sleep (0:5)
  D - a wand of striking (0:6)
  F - a wand of striking (0:3)
 Tools    ('(')
  b - an uncursed sack containing 20 items
  R - an uncursed blindfold
  O - a blessed magic marker (0:53)
  n - a magic marker (0:20)
  Y - an uncursed magic whistle named magic
  u - an uncursed tallow candle
  m - a cursed partly used tallow candle
  y - a blessed +0 unicorn horn
 Gems/Stones  ('*')
  t - an uncursed luckstone named luck?

Contents of the sack:
  an uncursed scroll of create monster
  an uncursed scroll of confuse monster
  an uncursed scroll of punishment
  an uncursed scroll of remove curse
  a cursed scroll of blank paper
  an uncursed scroll of earth
  an uncursed scroll of scare monster
  2 blessed scrolls of teleportation
  2 uncursed scrolls of teleportation
  an uncursed potion of sickness
  a potion of holy water
  a cursed potion of full healing
  a cursed potion of confusion
  an uncursed potion of gain energy
  an uncursed potion of blindness
  a blessed potion of extra healing
  an uncursed potion of extra healing
  2 blessed potions of healing
  an uncursed potion of object detection
  an uncursed potion of restore ability

IanCurtis the Wizard's attributes:

Background:
 You were a Thaumaturge, a level 8 male elven Wizard.
 You were chaotic, on a mission for Anhur
 who was opposed by Ptah (lawful) and Thoth (neutral).
 You were right-handed.
 You were in the Gnomish Mines, on level 9.
 You entered the dungeon 9562 turns ago.
 It was nighttime.
 There was a new moon in effect when your adventure ended.
 You had 2302 experience points, 258 more were needed to attain level 9.

Basics:
 You had 0 out of 56 hit points.
 You had 11 out of 100 energy points (spell power).
 Your armor class was 7.
 Your wallet contained 459 zorkmids.
 Autopickup was off.

Final Characteristics:
 Your strength was 14 (limit:18).
 Your dexterity was 14 (limit:18).
 Your constitution was 16 (limit:16).
 Your intelligence was 20 (limit:20).
 Your wisdom was 13 (limit:20).
 Your charisma was 9 (limit:18).

Final Status:
 You weren't hungry.
 You were unencumbered.
 You were wielding a corpse.

Final Attributes:
 You were piously aligned.
 You were magic-protected.
 You were sleep resistant.
 You were telepathic.
 You had infravision.
 You were warded.
 You were very lucky.
 You had extra luck.
 Bad luck did not time out for you.
 Good luck did not time out for you.
 You are dead.

Miscellaneous:
 You didn't encounter any bones levels.
 Total elapsed playing time was 1 hour, 5 minutes and 26 seconds.

Major events:
 Turn
    1: IanCurtis the chaotic male elven Wizard entered the dungeon
 1074: attained the rank of Conjurer (level 3)
 3175: was bestowed with Magicbane by Anhur
 3556: entered the Gnomish Mines
 3883: attained the rank of Thaumaturge (level 6)
 4003: chose an elven dagger to be named "Sting"
 4257: reached Mine Town
 6988: was bestowed with Trollsbane by Anhur
 9562: petrified by a cockatrice corpse

Spells:
 Name                 Level Category     Fail Retention
 force bolt             1   attack         0%   53%-54%
 magic missile          2   attack         0%   53%-54%
 invisibility           4   escape        95%   51%-75%
 wizard lock            2   matter        48%   51%-75%
 confuse monster        1   enchantment    0%   61%-70%
 create monster         2   clerical      48%  76%-100%

Skills:
 Fighting Skills
   bare handed combat [Unskilled]
   riding             [Unskilled]
 Weapon Skills
   dagger             [Basic]
   knife              [Unskilled]
   axe                [Unskilled]
   short sword        [Unskilled]
   club               [Unskilled]
   mace               [Unskilled]
   morning star       [Unskilled]
   quarterstaff       [Basic]
   polearms           [Unskilled]
   spear              [Unskilled]
   trident            [Unskilled]
   sling              [Unskilled]
   dart               [Unskilled]
   shuriken           [Unskilled]
 Spellcasting Skills
   attack spells      [Expert]
   healing spells     [Unskilled]
   divination spells  [Unskilled]
   enchantment spells [Basic]
   clerical spells    [Unskilled]
   escape spells      [Unskilled]
   matter spells      [Unskilled]

Voluntary challenges:
 Character rerolling was not enabled.
 You never genocided any monsters.
 You never polymorphed an object.
 You never changed form.
 You used no wishes.
Achievements:
 You attained the rank of Conjurer.
 You entered a shop.
 You entered the Gnomish Mines.
 You attained the rank of Thaumaturge.
 You entered Minetown.
 You entered a temple.

 The Dungeons of Doom: levels 1 to 8
    Level 1:
    Level 2:
    Level 3: "closed shop"
       A fountain.
       Stairs down to The Gnomish Mines.
    Level 4:
       An altar to Anhur, some fountains.
    Level 5:
       An altar to Anhur, a fountain.
    Level 6:
       A food shop.
    Level 7: "vault"
       A fountain.
    Level 8:
       A general store.
 The Gnomish Mines: levels 4 to 9
    Level 4:
    Level 5:
    Level 6:
    Level 7: "spellbooks by altar"
       Many shops, a temple and an altar to Anhur, many fountains.
    Level 8:
    Level 9: <- You were here.
       Final resting place for
          you, petrified by a cockatrice corpse.


Vanquished creatures:
  a small mimic
  a leather golem
  3 chameleons
  a giant beetle
  a quivering blob
  a cockatrice
  a winter wolf cub
  a lynx
  a panther
 an orc-captain
  2 horses
 an owlbear
  2 lizards
  a dingo
  a jaguar
  3 dwarf leaders
  a white unicorn
  a gray unicorn
  2 gnome mummies
  2 snakes
  3 apes
  2 rock moles
  2 ponies
  a yellow light
  a violet fungus
 12 gnome leaders
  3 gnomish wizards
  2 gray oozes
  a ghoul
  a paper golem
  5 giant ants
  a little dog
  5 floating eyes
  2 kittens
 11 dwarves
  4 hill orcs
  5 rothes
  4 giant bats
  a monkey
 an orc zombie
  a dwarf zombie
  a werejackal
  4 acid blobs
  5 coyotes
  2 gas spores
  3 hobbits
  2 large kobolds
  2 hobgoblins
 11 giant rats
  2 cave spiders
  a brown mold
  a green mold
 32 gnomes
  6 geckos
  2 jackals
  a fox
  a kobold
  4 goblins
  a sewer rat
  5 grid bugs
  3 lichens
  5 newts
190 creatures vanquished.

No species were genocided or became extinct.

Game over:
                       ----------
                      /          \
                     /    REST    \
                    /      IN      \
                   /     PEACE      \
                  /                  \
                  |    IanCurtis     |
                  |      459 Au      |
                  |  petrified by a  |
                  |    cockatrice    |
                  |      corpse      |
                  |                  |
                  |       2026       |
                 *|     *  *  *      | *
        _________)/\\_//(\/(/\)/\//\/|_)_______

Goodbye IanCurtis the Wizard...

You turned to stone in The Gnomish Mines on dungeon level 9 with 10022 points,
and 459 pieces of gold, after 9562 moves.
You were level 8 with a maximum of 56 hit points when you turned to stone.

